TOP OF THE 1ST |
Nashua Redlegs batting - Pitching for Scottsdale Scorpions : RHP Alejandro Guzmán
|
Pitching: RHP Alejandro Guzmán
|
|
Batting: SHB José Vélez
|
0-0: Swinging Strike 0-1: Ball 1-1: Ball 2-1: Ball 3-1: SINGLE (Groundball, 34D)
|
Batting: LHB Alonso Carbajal
|
0-0: Called Strike José Vélez is caught stealing 2nd base 0-1: SINGLE (Groundball, 4D)
|
Batting: RHB Jorge Valenzuela
|
0-0: Ball 1-0: Swinging Strike 1-1: Swinging Strike 1-2: Foul Ball, location: 2F 1-2: Strikes out swinging
|
Batting: LHB Robby Lawson
|
0-0: Called Strike Alonso Carbajal is caught stealing 2nd base
|
Top of the 1st over - 0 run(s), 2 hit(s), 0 error(s), 0 left on base; Nashua 0 - Scottsdale 0 |
BOTTOM OF THE 1ST |
Scottsdale Scorpions batting - Pitching for Nashua Redlegs : LHP Tomás Salgado
|
Pitching: LHP Tomás Salgado
|
|
Batting: LHB José Garza
|
0-0: Swinging Strike 0-1: Foul Ball, location: 2F 0-2: Ball 1-2: Ball 2-2: Strikes out looking
|
Batting: RHB Jaime Delgado
|
0-0: Called Strike 0-1: Ball 1-1: Swinging Strike 1-2: Foul Ball, location: 2F 1-2: Ball 2-2: Foul Ball, location: 2F 2-2: Fly out, F6 (Flyball, 6MD)
|
Batting: SHB Ralph Robison
|
0-0: Ball 1-0: SINGLE (Groundball, 4MD)
|
Batting: RHB Edgardo Gonzáles
|
0-0: Called Strike 0-1: Ball 1-1: Ball 2-1: Fielders Choice at 2nd, 5-4 (Groundball, 56)
|
Bottom of the 1st over - 0 run(s), 1 hit(s), 0 error(s), 0 left on base; Nashua 0 - Scottsdale 0 |
TOP OF THE 2ND |
Nashua Redlegs batting - Pitching for Scottsdale Scorpions : RHP Alejandro Guzmán
|
Batting: LHB Robby Lawson
|
0-0: Swinging Strike 0-1: Ball 1-1: Called Strike 1-2: Ball 2-2: Strikes out looking
|
Batting: RHB Bob Fitzgerald
|
0-0: Foul Ball, location: 2F 0-1: Ball 1-1: Foul Ball, location: 2F 1-2: Ball 2-2: Strikes out swinging
|
Batting: RHB Jared Williamson
|
0-0: Ball 1-0: Called Strike 1-1: Swinging Strike 1-2: Strikes out swinging
|
Top of the 2nd over - 0 run(s), 0 hit(s), 0 error(s), 0 left on base; Nashua 0 - Scottsdale 0 |
BOTTOM OF THE 2ND |
Scottsdale Scorpions batting - Pitching for Nashua Redlegs : LHP Tomás Salgado
|
Batting: LHB Ernesto Hernández
|
0-0: Called Strike 0-1: Ball 1-1: Foul Ball, location: 2F 1-2: SINGLE (Groundball, 34S) (infield hit)
|
Batting: LHB Manny Vigil
|
0-0: Called Strike 0-1: Ball 1-1: Ball Ernesto Hernández is caught stealing 2nd base 2-1: DOUBLE (Groundball, 5L)
|
Batting: SHB Juan Gonzáles
|
0-0: Foul Ball, location: 2F 0-1: Ball 1-1: Foul Ball, location: 2F 1-2: Foul Ball, location: 2F 1-2: Strikes out swinging passed ball, reaches first! Manny Vigil to third
|
Batting: RHB Miguel Ramos
|
0-0: Ball 1-0: Ball 2-0: Ball 3-0: Called Strike 3-1: 3-RUN HOME RUN (Flyball, 8LD), Distance : 388 ft
|
Batting: SHB Luis López
|
0-0: Hit by Pitch
|
Batting: LHB José Garza
|
0-0: Ball Luis López steals 2nd base 1-0: SINGLE (Flyball, 8LS) Luis López to third Runner from 3rd tries for Home, SAFE, throw made home José Garza to second
|
Batting: RHB Jaime Delgado
|
0-0: Swinging Strike 0-1: Ground out 4-3 (Groundball, 4) José Garza to third
|
Batting: SHB Ralph Robison
|
0-0: Ball 1-0: Ball 2-0: Called Strike 2-1: Swinging Strike 2-2: Foul Ball, location: 2F 2-2: Foul Ball, location: 2F 2-2: Ball 3-2: Base on Balls
|
Batting: RHB Edgardo Gonzáles
|
0-0: Ball 1-0: Ball 2-0: Called Strike 2-1: Ball 3-1: Base on Balls Ralph Robison to second
|
Batting: LHB Ernesto Hernández
|
0-0: Foul Ball, location: 2F 0-1: Ball 1-1: Ball 2-1: Foul Ball, location: 2F 2-2: Foul Ball, location: 2F 2-2: Foul Ball, location: 2F 2-2: Ball 3-2: DOUBLE (Line Drive, 9LM) José Garza scores Ralph Robison scores Edgardo Gonzáles to third Edgardo Gonzáles scores
|
Pitching: RHP Jorge Vázquez
|
|
Batting: LHB Manny Vigil
|
0-0: Ground out 6-3 (Groundball, 6)
|
Bottom of the 2nd over - 7 run(s), 5 hit(s), 0 error(s), 1 left on base; Nashua 0 - Scottsdale 7 |
TOP OF THE 3RD |
Nashua Redlegs batting - Pitching for Scottsdale Scorpions : RHP Alejandro Guzmán
|
Batting: RHB Danny Boykins
|
0-0: Ball 1-0: Foul Ball, location: 2F 1-1: Called Strike 1-2: Ball 2-2: Strikes out looking
|
Batting: RHB William Rogers
|
0-0: Ball 1-0: Fly out, F9 (Flyball, 9S)
|
Batting: RHB Katsuhito Ohayashi
|
0-0: Swinging Strike 0-1: Swinging Strike 0-2: Ball 1-2: Ball 2-2: Strikes out swinging
|
Top of the 3rd over - 0 run(s), 0 hit(s), 0 error(s), 0 left on base; Nashua 0 - Scottsdale 7 |
BOTTOM OF THE 3RD |
Scottsdale Scorpions batting - Pitching for Nashua Redlegs : RHP Jorge Vázquez
|
Batting: SHB Juan Gonzáles
|
0-0: Swinging Strike 0-1: Ball 1-1: Foul Ball, location: 2F 1-2: Strikes out swinging
|
Batting: RHB Miguel Ramos
|
0-0: SINGLE (Line Drive, 6D)
|
Batting: SHB Luis López
|
0-0: Ball 1-0: Ball 2-0: Ball 3-0: Called Strike 3-1: Base on Balls Miguel Ramos to second
|
Batting: LHB José Garza
|
0-0: Called Strike Miguel Ramos steals 3rd base Luis López to second 0-1: Foul Ball, location: 2F 0-2: Ball 1-2: Ball 2-2: Foul Ball, location: 2F 2-2: Foul Ball, location: 2F 2-2: Foul Ball, location: 2F 2-2: Ball 3-2: Base on Balls
|
Batting: RHB Jaime Delgado
|
0-0: Called Strike 0-1: Ball 1-1: Fly out, F9 (Flyball, 9LS)
|
Batting: SHB Ralph Robison
|
0-0: Ball 1-0: Called Strike 1-1: Foul Ball, location: 2F 1-2: Ball 2-2: Foul Ball, location: 2F 2-2: Foul Ball, location: 2F 2-2: Ball 3-2: Base on Balls Miguel Ramos scores Luis López to third José Garza to second
|
Batting: RHB Edgardo Gonzáles
|
0-0: Called Strike 0-1: Ball 1-1: Ball 2-1: Foul Ball, location: 2F 2-2: Ball 3-2: Foul Ball, location: 2F 3-2: Foul Ball, location: 2F 3-2: Base on Balls Luis López scores José Garza to third Ralph Robison to second
|
Batting: LHB Ernesto Hernández
|
0-0: Foul Ball, location: 2F 0-1: Ball 1-1: Foul Ball, location: 2F 1-2: Ball 2-2: Ball 3-2: SINGLE (Groundball, 4MD) José Garza scores Ralph Robison to third Edgardo Gonzáles to second Ralph Robison scores Edgardo Gonzáles to third
|
Pitching: LHP Jorge Melgaza
|
|
Batting: LHB Manny Vigil
|
0-0: Ball 1-0: Called Strike 1-1: Swinging Strike 1-2: Ball 2-2: Strikes out swinging
|
Bottom of the 3rd over - 4 run(s), 2 hit(s), 0 error(s), 2 left on base; Nashua 0 - Scottsdale 11 |
TOP OF THE 4TH |
Nashua Redlegs batting - Pitching for Scottsdale Scorpions : RHP Alejandro Guzmán
|
Batting: SHB José Vélez
|
0-0: Ball 1-0: Ball 2-0: Foul Ball, location: 2F 2-1: Foul Ball, location: 2F 2-2: Foul Ball, location: 2F 2-2: Strikes out swinging
|
Batting: LHB Alonso Carbajal
|
0-0: Ball 1-0: Ball 2-0: Called Strike 2-1: Foul Ball, location: 2F 2-2: Foul Ball, location: 2F 2-2: Ball 3-2: Fly out, F2 (Popup, 2L)
|
Batting: RHB Jorge Valenzuela
|
0-0: Ball 1-0: Ball 2-0: Ball 3-0: Base on Balls
|
Batting: LHB Robby Lawson
|
0-0: Called Strike 0-1: Ball 1-1: Ball 2-1: Swinging Strike 2-2: Foul Ball, location: 2F 2-2: Ball 3-2: Strikes out swinging
|
Top of the 4th over - 0 run(s), 0 hit(s), 0 error(s), 1 left on base; Nashua 0 - Scottsdale 11 |
BOTTOM OF THE 4TH |
Scottsdale Scorpions batting - Pitching for Nashua Redlegs : LHP Jorge Melgaza
|
Batting: SHB Juan Gonzáles
|
0-0: Ball 1-0: DOUBLE (Groundball, 3L)
|
Batting: RHB Miguel Ramos
|
0-0: Ball 1-0: Ball 2-0: Swinging Strike 2-1: Foul Ball, location: 2F 2-2: Reached on error, E3 (Groundball, 34) Juan Gonzáles to third
|
Batting: SHB Luis López
|
0-0: Ball 1-0: Ball 2-0: DOUBLE (Line Drive, 9LM) Juan Gonzáles scores Miguel Ramos to third
|
Batting: LHB José Garza
|
0-0: Ball 1-0: Foul Ball, location: 2F 1-1: Ball 2-1: Fly out, F7 (Flyball, 7LD) Runner from 3rd tags up, SCORES, no throw Luis López to third
|
Batting: RHB Jaime Delgado
|
0-0: Ball 1-0: Called Strike 1-1: Called Strike 1-2: Foul Ball, location: 2F 1-2: Fly out, F3 (Popup, 34)
|
Batting: SHB Ralph Robison
|
0-0: Called Strike 0-1: Foul Ball, location: 2F 0-2: Fly out, F8 (Flyball, 8LD)
|
Bottom of the 4th over - 2 run(s), 2 hit(s), 1 error(s), 1 left on base; Nashua 0 - Scottsdale 13 |
TOP OF THE 5TH |
Nashua Redlegs batting - Pitching for Scottsdale Scorpions : RHP Alejandro Guzmán
|
Batting: RHB Bob Fitzgerald
|
0-0: Fly out, F4 (Popup, 4S)
|
Batting: RHB Jared Williamson
|
0-0: Ball 1-0: Fly out, F4 (Line Drive, 4)
|
Batting: RHB Danny Boykins
|
0-0: Ball 1-0: Foul Ball, location: 2F 1-1: Fly out, F8 (Flyball, 8RM)
|
Top of the 5th over - 0 run(s), 0 hit(s), 0 error(s), 0 left on base; Nashua 0 - Scottsdale 13 |
BOTTOM OF THE 5TH |
Scottsdale Scorpions batting - Pitching for Nashua Redlegs : LHP Jorge Melgaza
|
Batting: RHB Edgardo Gonzáles
|
0-0: Called Strike 0-1: Ball 1-1: Swinging Strike 1-2: Ground out 6-3 (Groundball, 6)
|
Batting: LHB Ernesto Hernández
|
0-0: Ball 1-0: Ball 2-0: Fly out, F8 (Flyball, 8LM)
|
Batting: LHB Manny Vigil
|
0-0: Ball 1-0: Swinging Strike 1-1: Called Strike 1-2: Ball 2-2: SINGLE (Flyball, 8LS)
|
Batting: SHB Juan Gonzáles
|
0-0: Called Strike 0-1: Ball 1-1: SINGLE (Groundball, 4D) Manny Vigil to second Runner from 2nd tries for 3rd, SAFE, throw made to third
|
Batting: RHB Miguel Ramos
|
0-0: Called Strike 0-1: Foul Ball, location: 2F 0-2: Ball 1-2: Ball 2-2: Foul Ball, location: 2F 2-2: Foul Ball, location: 2F 2-2: Ball 3-2: Foul Ball, location: 2F 3-2: Strikes out looking
|
Bottom of the 5th over - 0 run(s), 2 hit(s), 0 error(s), 2 left on base; Nashua 0 - Scottsdale 13 |
TOP OF THE 6TH |
Nashua Redlegs batting - Pitching for Scottsdale Scorpions : RHP Alejandro Guzmán
|
Batting: RHB William Rogers
|
0-0: SINGLE (Groundball, 34D)
|
Batting: RHB Katsuhito Ohayashi
|
0-0: Grounds into double play, 5-4-3 (Groundball, 56)
|
Batting: SHB José Vélez
|
0-0: Called Strike 0-1: Ball 1-1: Foul Ball, location: 2F 1-2: SINGLE (Groundball, 34D)
|
Batting: LHB Alonso Carbajal
|
0-0: Swinging Strike 0-1: Ball 1-1: Fly out, F7 (Flyball, 7S)
|
Top of the 6th over - 0 run(s), 2 hit(s), 0 error(s), 1 left on base; Nashua 0 - Scottsdale 13 |
BOTTOM OF THE 6TH |
Scottsdale Scorpions batting - Pitching for Nashua Redlegs : LHP Jorge Melgaza
|
Pitching: RHP José Gil
|
|
Batting: SHB Luis López
|
0-0: Ball 1-0: Called Strike 1-1: Called Strike 1-2: Strikes out swinging
|
Batting: LHB José Garza
|
0-0: Called Strike 0-1: Foul Ball, location: 2F 0-2: Ball 1-2: Ball 2-2: Foul Ball, location: 2F 2-2: Strikes out looking
|
Batting: RHB Jaime Delgado
|
0-0: Ball 1-0: Ball 2-0: Ball 3-0: Base on Balls
|
Batting: SHB Ralph Robison
|
0-0: Ball Throwing error on steal attempt, E2 Jaime Delgado to third 1-0: Ball 2-0: Ball 3-0: Base on Balls
|
Batting: RHB Edgardo Gonzáles
|
0-0: Called Strike 0-1: Called Strike 0-2: Ball 1-2: Ball 2-2: Ball 3-2: Fly out, F8 (Flyball, 8RS)
|
Bottom of the 6th over - 0 run(s), 0 hit(s), 1 error(s), 2 left on base; Nashua 0 - Scottsdale 13 |
TOP OF THE 7TH |
Nashua Redlegs batting - Pitching for Scottsdale Scorpions : RHP Alejandro Guzmán
|
Batting: RHB Jorge Valenzuela
|
0-0: Ball 1-0: Foul Ball, location: 2F 1-1: Swinging Strike 1-2: Strikes out swinging
|
Batting: LHB Robby Lawson
|
0-0: Ball 1-0: Ball 2-0: Ball 3-0: Called Strike 3-1: Base on Balls
|
Pitching: RHP Julián García
|
|
Batting: RHB Bob Fitzgerald
|
0-0: Foul Ball, location: 2F 0-1: Ball 1-1: SINGLE (Groundball, 56D) Robby Lawson to second
|
Batting: RHB Jared Williamson
|
0-0: Ball 1-0: SINGLE (Groundball, 34D) Robby Lawson to third Bob Fitzgerald to second
|
Batting: RHB Danny Boykins
|
0-0: Called Strike 0-1: Ball 1-1: Reached on error, E9 (Flyball, 9S) Robby Lawson scores Bob Fitzgerald to third Jared Williamson to second
|
Batting: RHB William Rogers
|
0-0: Called Strike 0-1: Ball 1-1: Swinging Strike 1-2: Ball 2-2: Strikes out swinging
|
Batting: RHB Katsuhito Ohayashi
|
0-0: Ball 1-0: Ball 2-0: Ball 3-0: Called Strike 3-1: Foul Ball, location: 2F 3-2: Base on Balls Bob Fitzgerald scores Jared Williamson to third Danny Boykins to second
|
Batting: SHB José Vélez
|
0-0: Foul Ball, location: 2F 0-1: Ball 1-1: Foul Ball, location: 2F 1-2: Strikes out swinging
|
Top of the 7th over - 2 run(s), 2 hit(s), 1 error(s), 3 left on base; Nashua 2 - Scottsdale 13 |
BOTTOM OF THE 7TH |
Scottsdale Scorpions batting - Pitching for Nashua Redlegs : RHP José Gil
|
Batting: LHB Ernesto Hernández
|
0-0: Swinging Strike 0-1: Ball 1-1: Ball 2-1: Ball 3-1: Called Strike 3-2: Foul Ball, location: 2F 3-2: Base on Balls
|
Batting: LHB Manny Vigil
|
0-0: Ball 1-0: SINGLE (Flyball, 78S) Ernesto Hernández to second
|
Batting: SHB Juan Gonzáles
|
0-0: Hit by Pitch Ernesto Hernández to third Manny Vigil to second
|
Pinch Hitting: LHB Sergio Fernández
|
0-0: Called Strike 0-1: Ball 1-1: Called Strike 1-2: Strikes out swinging
|
Batting: SHB Luis López
|
0-0: Ball 1-0: Called Strike 1-1: Called Strike 1-2: Ball Balk! Ernesto Hernández scores Manny Vigil to third Juan Gonzáles to second 2-2: Ball 3-2: Base on Balls
|
Batting: LHB José Garza
|
0-0: Ball 1-0: Swinging Strike 1-1: Ball 2-1: Ball 3-1: Base on Balls Manny Vigil scores Juan Gonzáles to third Luis López to second
|
Batting: RHB Jaime Delgado
|
0-0: Called Strike 0-1: Called Strike 0-2: Foul Ball, location: 2F 0-2: Grounds into double play, 4-6-3 (Groundball, 4)
|
Bottom of the 7th over - 2 run(s), 1 hit(s), 0 error(s), 2 left on base; Nashua 2 - Scottsdale 15 |
TOP OF THE 8TH |
Nashua Redlegs batting - Pitching for Scottsdale Scorpions : RHP Julián García
|
Now at 2B: Robinson Fernández
|
|
Now at SS: Ricardo Gutiérrez
|
|
Batting: LHB Alonso Carbajal
|
0-0: Foul Ball, location: 2F 0-1: Ball 1-1: Foul Ball, location: 2F 1-2: Foul Ball, location: 2F 1-2: Strikes out looking
|
Batting: RHB Jorge Valenzuela
|
0-0: Called Strike 0-1: Ground out 6-3 (Groundball, 6)
|
Pinch Hitting: RHB José Zumaya
|
0-0: Swinging Strike 0-1: Called Strike 0-2: Ball 1-2: Strikes out swinging
|
Top of the 8th over - 0 run(s), 0 hit(s), 0 error(s), 0 left on base; Nashua 2 - Scottsdale 15 |
TOP OF THE 9TH |
Nashua Redlegs batting - Pitching for Scottsdale Scorpions : RHP Julián García
|
Now at C: Sergio Domínguez
|
|
Batting: RHB Bob Fitzgerald
|
0-0: Ball 1-0: Called Strike 1-1: Ball 2-1: Ball 3-1: Base on Balls
|
Batting: RHB Jared Williamson
|
0-0: Foul Ball, location: 2F 0-1: Swinging Strike 0-2: Ball 1-2: Ball 2-2: Ball 3-2: Foul Ball, location: 2F 3-2: Foul Ball, location: 2F 3-2: Strikes out swinging
|
Batting: RHB Danny Boykins
|
0-0: Foul Ball, location: 2F 0-1: Foul Ball, location: 2F 0-2: Strikes out looking
|
Batting: RHB William Rogers
|
0-0: Ball 1-0: Ball 2-0: Called Strike 2-1: Swinging Strike 2-2: Ball 3-2: Foul Ball, location: 2F 3-2: Ground out 4-3 (Groundball, 4S)
|
Top of the 9th over - 0 run(s), 0 hit(s), 0 error(s), 1 left on base; Nashua 2 - Scottsdale 17 |
|